 Dungeon Crawl Stone Soup version 0.21.1-1-g345015fe64 (webtiles) character file.

277 Ivernyr the Charmwright (level 6, 47/47 HPs)
             Began as a Demonspawn Skald on Apr 25, 2018.
             Quit the game on level 3 of the Dungeon.
             The game lasted 00:08:11 (3845 turns).

Ivernyr the Charmwright (Demonspawn Skald)          Turns: 3845, Time: 00:08:11

Health: 47/47      AC:  6    Str: 11    XL:     6   Next: 4%
Magic:  9/9        EV: 12    Int: 14    God:
Gold:   126        SH:  0    Dex: 15    Spells: 4/9 levels left

rFire    . . .     SeeInvis .   a - +0 falchion
rCold    . . .     Gourm    .   (no shield)
rNeg     . . .     Faith    .   b - +0 leather armour
rPois    .         Spirit   +   q - +2 helmet
rElec    .         Reflect  .   (no cloak)
rCorr    .         Harm     .   (no gloves)
MR       .....                  (no boots)
Stlth    +.........             (no amulet)
HPRegen  0.15/turn              (no ring)
MPRegen  0.11/turn              (no ring)

@: no status effects
A: hooves 2, magic shield
a: no special abilities


You were on level 3 of the Dungeon.
You were hungry.

You visited 1 branch of the dungeon, and saw 3 of its levels.

You collected 126 gold pieces.

Inventory:

Hand Weapons
 a - a +0 falchion (weapon)
Armour
 b - a +0 leather armour (worn)
 q - a +2 helmet (worn)
Scrolls
 e - a scroll of magic mapping
 f - 2 scrolls of identify
 g - a scroll of fear
 i - a scroll of enchant weapon {unknown}
 j - a scroll of teleportation
Potions
 h - 3 potions of curing {unknown}
 m - a potion of magic {unknown}
 o - a potion of brilliance {unknown}
 p - 2 potions of ambrosia {unknown}
Books
 c - a book of Battle

   Spells                             Type                      Level
   a - Infusion                       Charms                       1
   b - Shroud of Golubria             Charms/Translocation         2
   c - Song of Slaying                Charms                       2
   d - Spectral Weapon                Hexes/Charms                 3
   e - Regeneration                   Charms/Necromancy            3
Comestibles
 d - 7 rations


   Skills:
 + Level 3.2 Fighting
 + Level 2.9 Long Blades
 * Level 3.4 Armour
 - Level 1.7 Dodging
 - Level 2.0 Spellcasting
 + Level 3.7 Charms


You had 4 spell levels left.
You knew the following spells:

 Your Spells              Type           Power        Failure   Level  Hunger
a - Shroud of Golubria    Chrm/Tloc      #.........   22%         2    ###....
b - Song of Slaying       Chrm           ##......     10%         2    ###....
c - Infusion              Chrm           ##..         7%          1    ##.....


Dungeon Overview and Level Annotations

Branches:
Dungeon (3/15)

Altars:
Kikubaaqudgha
Okawaru
Vehumet


Innate Abilities, Weirdness & Mutations

You have hoof-like feet.
When hurt, damage is shared between your health and your magic reserves.


Message History

You feel agile.
Your demonic ancestry asserts itself...
You feel your magical essence form a protective shroud around your flesh.
Your shroud unravels.
Items here: )) †† a club x2; an orc corpse x2
You start resting.
Your song is almost over.
You start resting.
Your song has ended.
You start resting.
You are feeling hungry.
You start resting.
Magic restored.
You start resting.
HP restored.
Quiver which item? (- for none, * to show all) (? for menu, Esc to quit)
You don't have any such object.
Quiver which item? (- for none, * to show all) (? for menu, Esc to quit)
Okay, then.
Are you sure you want to abandon this character and quit the game? (Confirm with "yes".)

#...............................
#...............................
#............#########..........
#..........#.## #..........
#..........#..# #.......###
#..........##.# ###.....#
#..........##.# ########.#####
#..........##.###.÷......#
#..........##.)@)÷########
###############).## #####...###
#o.o..#...# #....o.#######.#
#### ....... #.# ###... .......
#.## ####...## .......
#..####....### .......
##........##


There were no monsters in sight!

Vanquished Creatures
  The ghost of Ivernyr the Charmwright, an amateur DsSk (D:3)
  An orc priest (D:3)
  3 adders
  2 oozes (D:2)
  5 worms (D:2)
  3 dart slugs
  3 leopard geckos
  15 orcs (D:3)
  8 bats
  2 bat zombies (D:3)
  8 giant cockroaches
  7 goblins
  9 hobgoblins
  A quokka (D:2)
  6 frilled lizards
  10 kobolds
  8 rats
  A rat zombie (D:3)
93 creatures vanquished.

Notes
Turn   | Place    | Note
-------+----------+-------------------------------------------
     0 | D:1      | Ivernyr the Demonspawn Skald began the quest for the Orb.
     0 | D:1      | Reached XP level 1. HP: 16/16 MP: 3/3
    37 | D:1      | Reached skill level 1 in Armour
   282 | D:1      | Gained mutation: You have large cloven feet. [demonic ancestry]
   282 | D:1      | Reached XP level 2. HP: 18/22 MP: 5/5
   722 | D:1      | Learned a level 2 spell: Song of Slaying
   725 | D:1      | Learned a level 2 spell: Shroud of Golubria
  1153 | D:1      | Gained mutation: You have hoof-like feet. [demonic ancestry]
  1153 | D:1      | Reached XP level 3. HP: 20/28 MP: 6/6
  1556 | D:2      | Found an iron altar of Okawaru.
  2050 | D:2      | Reached XP level 4. HP: 6/34 MP: 2/7
  2734 | D:2      | Found a radiant altar of Vehumet.
  2828 | D:2      | Found a faded altar of an unknown god.
  2991 | D:3      | Noticed Ivernyr's ghost (amateur DsSk)
  3015 | D:3      | Killed Ivernyr's ghost
  3015 | D:3      | Reached XP level 5. HP: 10/41 MP: 8/8
  3636 | D:3      | Found an ancient bone altar of Kikubaaqudgha.
  3781 | D:3      | Gained mutation: When hurt, damage is shared between your health and your magic reserves. [demonic ancestry]
  3781 | D:3      | Reached XP level 6. HP: 37/47 MP: 4/9
  3845 | D:3      | Quit the game

Skill      XL: |  1  2  3  4 |
---------------+-------------+-----
Armour         | 1 2 3 |  3.4
Long Blades    | 2 |  2.9
Charms         | 3 |  3.7
Fighting       | 3 |  3.2
Dodging        | |  1.7
Spellcasting   | |  2.0

Action                   |  1- 3 |  4- 6 || total
-------------------------+-------+-------++-------
Melee: Falchion          |   121 |   139 ||   260
       Kick              |    19 |    43 ||    62
 Cast: Shroud of Golubri |     6 |    11 ||    17
       Song of Slaying   |       |     4 ||     4
  Use: Scroll            |       |     8 ||     8
  Eat: Chunk             |     4 |     7 ||    11
Armor: Leather armour    |    34 |    49 ||    83
Dodge: Dodged            |    81 |   112 ||   193
       Rpst.: Falchion   |    22 |    40 ||    62
